cohdb
Replays
Latest Replays
All Replays
Popular Replays
Top Player Replays
Match Explorer
How It Works
Community
CoH3 Stats
Reddit
Sign in to upload your games and track your stats! →
Sign in with Steam
Match 39733736
Unlisted
Match 39733736
Overview
Messages
Build Orders
End
Kettenkrad Recon Vehicle
Construct Infanterie Kompanie
Selects Terror Battlegroup
Selects Machine Gun Camouflage
Grenadier Squad
MG 42 Machine Gun Team
Sniper
Kettenkrad Recon Vehicle
Medical Station
Selects Contempt for the Weak
Construct Panzergrenadier Kompanie
251 Medium Carrier
Pak 40 Anti-tank Gun Team
Grenadier Squad
Pak 40 Anti-tank Gun Team
MG 42 Bunker
Selects Defend the Fatherland
Construct Panzer Kompanie
Sturmpanzer IV Brummbär
MG 42 Bunker
Stoßtruppen Squad
251 Medium Carrier
Stoßtruppen Squad
Sauzer88
Fettso
^kuku
EndeL
Wise Walrus
TastyNebula
Biggie Smalls
colonel_kraken
0
0
Comments
sign in to comment!
No comments posted yet!